 Dungeon Crawl Stone Soup version 0.19-a0-854-gc78d25d (webtiles) character file.

225 Implojin the Chopper (level 5, -2/67 HPs)
             Began as a Minotaur Berserker on July 1, 2016.
             Was a Believer of Trog.
             Slain by Laraso's ghost (3 damage)
             ... on level 7 of the Dungeon.
             The game lasted 00:05:36 (810 turns).

Implojin the Chopper (Minotaur Berserker)            Turns: 810, Time: 00:05:37

Health: -2/67      AC:  5    Str: 27    XL:     5   Next: 68%
Magic:  4/4        EV: 11    Int:  4    God:    Trog [**....]
Gold:   18         SH:  0    Dex: 10    Spells: 0 memorised, 4 levels left

rFire  + . .     SeeInvis .     a - +0 hand axe
rCold  x . .     Gourm    .     d - +0 ring mail
rNeg   . . .     Faith    .     (no shield)
rPois  .         Spirit   .     (helmet restricted)
rElec  .         Dismiss  .     (no cloak)
rCorr  .         Reflect  .     (no gloves)
SustAt +         Harm     .     (no boots)
MR     .....                    (no amulet)
Stlth  ..........               f - ring of sustain attributes
                                x - ring of fire

@: berserking (expiring), very slightly contaminated, very quick, not resistant
to hostile enchantments, extremely unstealthy
A: retaliatory headbutt, horns 2
a: Berserk, Trog's Hand, Burn Spellbooks, Renounce Religion


You were on level 7 of the Dungeon.
You worshipped Trog.
Trog was pleased with you.
You were hungry.

You visited 1 branch of the dungeon, and saw 7 of its levels.

You collected 18 gold pieces.

Inventory:

Hand Weapons
 a - a +0 hand axe (weapon)
 l - a +0 blowgun
Missiles
 m - 20 poisoned needles
Armour
 b - a +0 animal skin
 d - a +0 ring mail (worn)
Magical Staves
 n - an uncursed staff of air {unknown}
Jewellery
 f - a ring of sustain attributes (right hand)
 j - a +5 ring of intelligence {unknown}
 x - a ring of fire (left hand)
Wands
 q - a wand of acid (5/15)
 s - a wand of digging (16/24)
 v - a wand of polymorph (10/24)
Potions
 e - 2 potions of heal wounds
 h - 2 potions of resistance
 k - 2 potions of might {unknown}
 t - a potion of cure mutation {unknown}
Comestibles
 c - 2 bread rations
 g - a slice of pizza
 i - 5 chunks of flesh
 p - a meat ration


   Skills:
 - Level 3.6 Fighting
 * Level 7.8 Axes
 - Level 2.4 Armour
 - Level 2.1 Dodging


You had 4 spell levels left.
You didn't know any spells.

Dungeon Overview and Level Annotations

Branches:
Dungeon (7/15)
 Temple: D:4-7

Altars:
Gozag
Makhleb
Pakellas
Uskayaw

Shops:
D:4 *

Annotations:
D:7 Laraso's ghost, novice FeCj


Innate Abilities, Weirdness & Mutations

You reflexively headbutt those who attack you in melee.
You have a pair of horns on your head.


Message History

The fulminant prism explodes!
Unknown command.
A red film seems to cover your vision as you go berserk!
You feel yourself moving faster!
You feel mighty!
You are feeling hungry.
Laraso's ghost says, "I have plenty of time to study, now."
Laraso's ghost closely misses you.
Unknown command.
Unknown command.
You slash Laraso's ghost! Your headbutt misses Laraso's ghost.
Laraso's ghost is moderately damaged.
You barely miss Laraso's ghost.
Laraso's ghost is moderately damaged.
Laraso's ghost hits you!
* * * LOW HITPOINT WARNING * * *
Unknown command.
You barely miss Laraso's ghost.
Laraso's ghost is moderately damaged.
Unknown command.
Unknown command.
You miss Laraso's ghost. Your headbutt misses Laraso's ghost.
Laraso's ghost is moderately damaged.
Laraso's ghost ripples.
Laraso's ghost hits you.
* * * LOW HITPOINT WARNING * * *
Unknown command.
You barely miss Laraso's ghost.
Laraso's ghost is moderately damaged.
Laraso's ghost hits you.
* * * LOW HITPOINT WARNING * * *
You slice Laraso's ghost!! Your headbutt misses Laraso's ghost.
Laraso's ghost is severely damaged.
You hit Laraso's ghost. Your headbutt misses Laraso's ghost.
Laraso's ghost is almost destroyed.
Laraso's ghost barely misses you.
You hit Laraso's ghost.
Laraso's ghost is almost destroyed.
Laraso's ghost says, "I have plenty of time to study, now."
Laraso's ghost hits you.
You die...

##.........#
#......?...#
#..........#
#..........#.
#............
#!..........#
#(........##
##...@W......
#..........##
#...†......#
#..........#
#........$.#
#..........#
##........##
##.<....##
########


You could see Laraso's ghost.

Vanquished Creatures
  A giant frog (D:7)
  A howler monkey (D:4)
  An orc wizard (D:3)
  A worker ant (D:5)
  4 adders
  An ooze (D:1)
  3 orcs (D:3)
  3 giant cockroaches
  3 hobgoblins (D:1)
  A ball python (D:1)
  A bat (D:3)
  3 giant newts
  2 goblins
  4 kobolds
  A quokka skeleton (D:5)
  A quokka zombie (D:5)
  2 rats
33 creatures vanquished.

Vanquished Creatures (others)
  2 fulminant prisms (D:7)
2 creatures vanquished.

Grand Total: 35 creatures vanquished

Notes
Turn   | Place    | Note
-------+----------+-------------------------------------------
     0 | D:1      | Implojin the Minotaur Berserker began the quest for the Orb.
     0 | D:1      | Reached XP level 1. HP: 19/19 MP: 0/0
    15 | D:1      | Reached skill level 4 in Axes
    55 | D:1      | Reached XP level 2. HP: 10/26 MP: 1/1
   160 | D:2      | Reached skill level 5 in Axes
   222 | D:3      | Reached XP level 3. HP: 28/31 MP: 2/2
   227 | D:3      | Reached ** piety under Trog
   306 | D:3      | Found an oddly glowing altar of Pakellas.
   314 | D:3      | Found a burning altar of Makhleb.
   371 | D:4      | Found a hide-covered altar of Uskayaw.
   375 | D:4      | Noticed a hand axe
   375 | D:4      | Noticed a dagger
   400 | D:4      | Reached XP level 4. HP: 11/39 MP: 3/3
   412 | D:4      | You fall through a shaft!
   412 | D:5      | Entered Level 5 of the Dungeon
   482 | D:5      | Reached skill level 6 in Axes
   487 | D:4      | Found Gozag's Platinum Reserve.
   496 | D:4      | Found an opulent altar of Gozag.
   640 | D:5      | Found an oddly glowing altar of Pakellas.
   670 | D:5      | Reached skill level 7 in Axes
   670 | D:5      | Reached XP level 5. HP: 6/45 MP: 4/4
   679 | D:5      | HP: 3/67 [poisoned by a worker ant]
   684 | D:5      | HP: 2/67 [poisoned by a worker ant]
   796 | D:7      | Noticed Laraso's ghost (novice FeCj)
   807 | D:7      | HP: 1/67 [Laraso's ghost (5)]
   810 | D:7      | Slain by Laraso's ghost

Vault maps used:
D:1:      zelgadis_glass_arrival_small, minmay_ruptured
D:2:      nicolae_overflow_hidden_temple, uniq_iyjb
D:3:      nicolae_overflow_crystal_walls, lemuel_doored_altar,
          lemuel_round_altar, ecumenical_altar_2, first_bread
D:4:      dancing_weapons_uskayaw, nicolae_gozag_zags_fifth_avenue, minivault_4,
          okawaru_altar_gauntlet_db
D:5:      johnstein_pakellas_death_squad
D:6:      serial_shops, shop_statue
D:7:      serial_shops, shop, uniq_pikel, uniq_menkaure

Skill      XL: |  1  2  3  4 |
---------------+-------------+-----
Axes           | 4 5 7 |  7.8
Fighting       | |  3.6
Armour         | |  2.4
Dodging        | |  2.1

Action                   |  1- 3 |  4- 6 || total
-------------------------+-------+-------++-------
Melee: Hand axe          |    37 |    43 ||    80
       Headbutt          |     6 |     5 ||    11
Invok: Berserk           |     5 |     1 ||     6
       Trog's Hand       |       |     1 ||     1
  Use: Scroll            |     1 |     5 ||     6
       Potion            |       |     2 ||     2
  Eat: Chunk             |     3 |     2 ||     5
Armor: Animal skin       |     8 |       ||     8
       Ring mail         |       |     7 ||     7
Dodge: Dodged            |    37 |    15 ||    52

Table legend:
 A = Turns spent in this place as a percentage of turns spent in the entire game.
 B = Non-inter-level travel turns spent in this place as a percentage of non-inter-level travel turns spent in the entire game.
 C = Inter-level travel turns spent in this place as a percentage of turns spent in this place.
 D = Turns resting spent in this place as a percentage of non-inter-level travel turns spent in this place.
 E = Turns spent auto-exploring this place as a percentage of non-inter-level travel turns spent in this place.
 F = Non-inter-level travel turns spent in this place divided by the number of levels of this place that you've seen.
                   A       B       C       D       E      F
               +-------+-------+-------+-------+-------+----------------------
         Total | 100.0 | 100.0 |   0.0 |   0.7 |   0.0 | 120.7
       Dungeon | 100.0 | 100.0 |   0.0 |   0.7 |   0.0 | 120.7
               +-------+-------+-------+-------+-------+----------------------

Table legend:
 A = Kills in this place as a percentage of kills in entire the game.
 B = Kills by you in this place as a percentage of kills by you in the entire game.
 C = Kills by friends in this place as a percentage of kills by friends in the entire game.
 D = Other kills in this place as a percentage of other kills in the entire game.
 E = Experience gained in this place as a percentage of experience gained in the entire game.
 F = Experience gained in this place divided by the number of levels of this place that you have seen.
                   A       B       C       D       E      F
               +-------+-------+-------+-------+-------+----------------------
         Total | 100.0 | 100.0 |  -nan |  -nan | 100.0 |  46.0
       Dungeon | 100.0 | 100.0 |  -nan |  -nan | 100.0 |  46.0
               +-------+-------+-------+-------+-------+----------------------
